 Dungeon Crawl Stone Soup version 0.26.0-90-g5fd8617961 (webtiles) character file.

Game seed: 8061458090645691472

22234 pokeman the Eclecticist (level 12, -9/69 HPs)
             Began as a Deep Elf Hedge Wizard on Feb 1, 2021.
             Was a High Priest of Vehumet.
             Mangled by a frost giant
             ... wielding a +0 battleaxe of freezing
              (14 damage)
             ... in an ice cave on Feb 2, 2021.
             The game lasted 01:32:48 (20311 turns).

pokeman the Eclecticist (Deep Elf Hedge Wizard)    Turns: 20311, Time: 01:32:49

Health: -9/69      AC: 11    Str:  7    XL:     12   Next: 61%
Magic:  13/34      EV: 12    Int: 25    God:    Vehumet [*****.]
Gold:   866        SH:  5    Dex: 14    Spells: 33/44 levels left

rFire    . . .     SeeInvis .   H - +0 arbalest (flame)
rCold    + + .     Faith    .   (shield currently unavailable)
rNeg     . . .     Spirit   .   o - +3 troll leather armour {Snorg}
rPois    .         Reflect  +   R - +1 helmet
rElec    .         Harm     .   P - scarf {rC+ rF+}
rCorr    .         Rampage  .   B - +0 pair of gloves
Will     +....                  (no boots)
Stlth    ++........             V - amulet of reflection
HPRegen  0.61/turn              c - ring of ice
MPRegen  0.24/turn              O - ring of wizardry

@: no status effects
A: no striking features
a: Renounce Religion


You were in an ice cave.
You worshipped Vehumet.
Vehumet was extremely pleased with you.
You visited 2 branches of the dungeon, and saw 13 of its levels.
You also visited: Ice Cave.

You collected 866 gold pieces.

Inventory:

Hand Weapons
 H - a +0 arbalest of flaming (weapon)
 L - a +0 shortbow
 Q - the +4 spear of Cifromaiv {holy, +Rage Int+3 Dex-2}
   (You found it on level 8 of the Dungeon)

   It has been blessed by the Shining One to cause great damage to the undead
   and demons.
   It affects your intelligence (+3).
   It affects your dexterity (-2).
   It lets you go berserk.
 U - a +3 dagger of venom
Missiles
 a - 78 bolts (quivered ammo)
 r - 74 arrows
Armour
 o - a +3 troll leather armour (worn) {Snorg}
 B - a +0 pair of gloves (worn)
 J - +0 swamp dragon scales
 P - a scarf of resistance (worn)
 R - a +1 helmet (worn)
Magical Staves
 s - an uncursed staff of earth
 F - an uncursed staff of death
Jewellery
 c - a ring of ice (left hand)
 m - an uncursed amulet of magic regeneration
 w - an uncursed amulet of the acrobat
 x - an uncursed ring of positive energy
 O - a ring of wizardry (right hand)
 V - an amulet of reflection (around neck)
Wands
 b - a wand of digging (4)
 g - a wand of enslavement (11)
 n - a wand of iceblast (6)
 q - a wand of acid (6)
 A - a wand of flame (14)
 E - a wand of random effects (13)
 K - a wand of polymorph (23)
Scrolls
 d - 2 scrolls of identify
 h - 9 scrolls of enchant armour
 j - 2 scrolls of fog
 k - 2 scrolls of amnesia
 v - 4 scrolls of fear
 y - 6 scrolls of remove curse
 C - 2 scrolls of enchant weapon
Potions
 e - 4 potions of heal wounds
 f - 2 potions of haste
 i - 2 potions of attraction
 l - 4 potions of berserk rage
 p - 6 potions of brilliance
 t - 4 potions of curing
 u - 4 potions of degeneration
 z - a potion of lignification
 D - a potion of might
 G - a potion of cancellation
 I - 2 potions of flight
 N - a potion of mutation


   Skills:
 + Level 5.9 Fighting
 - Level 5.0 Armour
 - Level 3.0 Dodging
 - Level 3.0 Stealth
 * Level 16.9 Spellcasting
 + Level 10.5 Conjurations
 - Level 1.1 Summonings
 - Level 1.1 Translocations
 + Level 10.0 Fire Magic
 - Level 1.0 Air Magic
 - Level 1.0 Poison Magic
 - Level 1.2 Evocations


You had 33 spell levels left.
You knew the following spells:

 Your Spells              Type           Power        Failure   Level
a - Magic Dart            Conj           100%         1%          1
b - Mephitic Cloud        Conj/Pois/Air  42%          1%          3
c - Call Imp              Summ           26%          1%          2
d - Blink                 Tloc           N/A          1%          2
e - Conjure Flame         Conj/Fire      64%          1%          3

Your spell library contained the following spells:

 Spells                   Type           Power        Failure   Level
 Iskenderun's Battlesphe  Conj           65%          1%          5
 Slow                     Hex            21%          2%          2
 Gell's Gravitas          Tloc           13%          2%          3
 Confusing Touch          Hex            21%          4%          3
 Yara's Violent Unravell  Hex/Tmut       10%          11%         5
 Petrify                  Tmut/Erth      21%          14%         4
 Metabolic Englaciation   Hex/Ice        15%          34%         5


Dungeon Overview and Level Annotations

Branches:
Dungeon (12/15)            Temple (1/1) D:5            Lair (0/6) D:10
    Orc (0/2) D:9           IceCv (1/1)

Altars:
Cheibriados
Dithmenos
Elyvilon
Gozag
Hepliaklqana
Kikubaaqudgha
Nemelex Xobeh
Qazlal
Ru
Sif Muna
Trog
Vehumet
Xom
Beogh

Annotations:
D:11 2 runed translucent doors, dolemite99's ghost, novice OpVM
D:12 Jorgrun


Message History

The bolt of cold hits you! You resist.
* * * LOW HITPOINT WARNING * * *
Unknown command.
Fire: 80 bolts
Press: ? - help, Q - select action, (/) - cycle Shift-Dir - straight line, f/p - frost giant
Aim: a frost giant, wielding a +0 battleaxe of freezing and wearing a +0 animal skin of cold resistance (noxious fumes, severely wounded, 86% to hit)
You shoot a bolt. The bolt hits the frost giant.
The bolt burns the frost giant.
The frost giant is severely wounded.
The frost giant is engulfed in noxious fumes. x2
The frost giant appears confused.
Unknown command.
Fire: 79 bolts
Press: ? - help, Q - select action, (/) - cycle Shift-Dir - straight line, f/p - frost giant
Aim: a frost giant, wielding a +0 battleaxe of freezing and wearing a +0 animal skin of cold resistance (severely wounded, confused, 93% to hit)
You shoot a bolt.
The bolt hits the frost giant but does no damage.
The frost giant is severely wounded.
The frost giant hits you with a +0 battleaxe of freezing!
You die...

##.#.# #...##
#...## #.#..##
#.#.# ##.#...#
##.###
#§###..## #.##
#.###...##
#.##
#○§###.C.#
#..# #§§#
##..#### ##.#
##○# #...#.##
##.# ##C@#
#...#..# #†##
#..## ##...###
#.## #..#
#####..# #..##
##.####..###÷#
##..###..#
#.⌠###..#
#...#..##
#...##÷##
##.....#
#..#.C.#
#....##
##.#..##
##..##
##C#####


You could see a frost giant (confused).

Vanquished Creatures
  Snorg (D:10)
  Josephine (D:10)
  A hydra (D:11)
  A two-headed ogre (D:10)
  Nergalle (D:12)
  An orc sorcerer (D:11)
  A cyclops (D:11)
  An ice statue (IceCv)
  Psyche (D:9)
  A rime drake (IceCv)
  Maggie (D:6)
  23 polar bears
  2 trolls
  30 yaks
  A vampire (D:8)
  5 wraiths
  Eustachio (D:5)
  3 wyverns
  A water moccasin (D:11)
  3 orc warriors
  A phantom (D:12)
  4 ice beasts (D:10)
  5 ogres
  18 wolves (IceCv)
  A centaur (D:7)
  A big kobold (D:9)
  9 bullfrogs
  A gnoll sergeant (D:6)
  2 scorpions
  11 killer bees
  12 wights
  An electric eel (D:10)
  4 crimson imps (D:4)
  3 bullfrog zombies
  3 bullfrog skeletons
  A centaur zombie (D:9)
  6 orc priests
  6 hounds
  4 centaur skeletons
  3 gnoll shamans
  2 jellies
  9 orc wizards
  3 iguanas
  4 worker ants
  4 hound skeletons
  2 worker ant zombies
  48 gnolls
  17 adders
  A hound simulacrum (D:10)
  A shadow imp (D:6)
  6 white imps
  A worker ant simulacrum (D:10)
  15 ufetubi
  An ooze (D:3)
  3 adder skeletons
  3 dart slugs
  8 leopard geckos
  49 orcs
  7 giant cockroaches
  11 goblins
  2 hobgoblins
  23 jackals
  7 quokkas
  7 bats
  3 frilled lizards
  10 kobolds
  A leopard gecko zombie (D:6)
  A quokka zombie (D:7)
  8 rats
433 creatures vanquished.

Vanquished Creatures (collateral kills)
  A killer bee (D:9)
  A worker ant (D:5)
  An orc (D:11)
3 creatures vanquished.

Vanquished Creatures (others)
  An orc wizard (D:11)
  An orc (D:11)
  A bush (D:12)
  A fungus (D:5)
  72 plants
76 creatures vanquished.

Grand Total: 512 creatures vanquished

Notes
Turn   | Place    | Note
-------+----------+-------------------------------------------
     0 | D:1      | pokeman the Deep Elf Hedge Wizard began the quest for the
                  | Orb.
     0 | D:1      | Reached XP level 1. HP: 10/10 MP: 7/7
   322 | D:1      | Reached XP level 2. HP: 9/16 MP: 3/9
   816 | D:1      | Reached skill level 5 in Spellcasting
   876 | D:1      | Reached XP level 3. HP: 13/20 MP: 5/11
   904 | D:1      | Learned a level 3 spell: Mephitic Cloud
   907 | D:1      | Learned a level 2 spell: Call Imp
   910 | D:1      | Learned a level 2 spell: Blink
   914 | D:1      | Learned a level 3 spell: Conjure Flame
  1720 | D:2      | Reached skill level 1 in Fighting
  1720 | D:2      | Reached skill level 1 in Armour
  2443 | D:2      | Reached XP level 4. HP: 25/25 MP: 11/13
  2562 | D:3      | Found a snail-covered altar of Cheibriados.
  2566 | D:3      | Found a shadowy altar of Dithmenos.
  2566 | D:3      | Found an opulent altar of Gozag.
  2937 | D:3      | Reached skill level 1 in Fire Magic
  3268 | D:3      | Reached skill level 6 in Spellcasting
  3521 | D:4      | Found a sparkling altar of Nemelex Xobeh.
  3530 | D:4      | Reached XP level 5. HP: 29/29 MP: 11/15
  3846 | D:4      | Reached skill level 1 in Air Magic
  3949 | D:4      | Found a shimmering altar of Xom.
  3974 | D:4      | Reached XP level 6. HP: 12/34 MP: 2/17
  4108 | D:3      | Reached skill level 1 in Poison Magic
  4383 | D:4      | Reached skill level 7 in Spellcasting
  4383 | D:4      | Reached skill level 1 in Evocations
  4557 | D:4      | Found a shimmering blue altar of Sif Muna.
  4637 | D:5      | Entered Level 5 of the Dungeon
  4650 | D:5      | Found a bloodstained altar of Trog.
  4698 | D:5      | Noticed Eustachio
  4755 | D:5      | Upgraded the game from 0.26.0-45-g9c1d065592 to
                  | 0.26.0-90-g5fd8617961
  4772 | D:5      | HP: 1/51 [ufetubus[Eustachio] (2)]
  5401 | D:5      | Killed Eustachio
  5402 | D:5      | Reached skill level 8 in Spellcasting
  5402 | D:5      | Reached XP level 7. HP: 18/40 MP: 9/20
  5926 | D:5      | Found a sacrificial altar of Ru.
  6055 | D:5      | Found a staircase to the Ecumenical Temple.
  6059 | Temple   | Entered the Ecumenical Temple
  6112 | Temple   | Became a worshipper of Vehumet
  6259 | D:6      | Noticed Maggie
  7105 | D:6      | Found a sacrificial altar of Ru.
  7266 | D:6      | Killed Maggie
  7267 | D:6      | Reached skill level 9 in Spellcasting
  7267 | D:6      | Reached XP level 8. HP: 24/44 MP: 9/23
  7611 | D:6      | Reached * piety under Vehumet
  7611 | D:6      | Offered knowledge of Sandblast by Vehumet.
  7894 | D:6      | Reached skill level 5 in Conjurations
  8001 | D:6      | Reached skill level 10 in Spellcasting
  8207 | D:6      | Offered knowledge of Freeze by Vehumet.
  8416 | D:6      | Reached ** piety under Vehumet
  8632 | D:6      | Reached XP level 9. HP: 32/48 MP: 17/25
  9389 | D:7      | Reached skill level 11 in Spellcasting
  9455 | D:7      | Offered knowledge of Frozen Ramparts by Vehumet.
  9473 | D:7      | Reached skill level 5 in Fire Magic
 10274 | D:7      | Reached *** piety under Vehumet
 10383 | D:8      | Found a shimmering blue altar of Sif Muna.
 10696 | D:8      | Found a stormy altar of Qazlal.
 10862 | D:8      | Noticed a two-headed ogre
 11057 | D:8      | Reached skill level 12 in Spellcasting
 11181 | D:8      | Got a masterwork spear
 12188 | D:9      | Noticed Psyche
 12197 | D:9      | Noticed a troll
 12411 | D:9      | Found a staircase to the Orcish Mines.
 12467 | D:8      | Offered knowledge of Sticky Flame by Vehumet.
 12521 | D:9      | Killed Psyche
 12522 | D:9      | Reached XP level 10. HP: 36/56 MP: 11/28
 13201 | D:9      | Found a sacrificial altar of Ru.
 13504 | D:9      | HP: 2/56 [poisoned by a scorpion]
 13865 | D:9      | Reached skill level 13 in Spellcasting
 14223 | D:9      | Identified the +4 spear of Cifromaiv {holy, +Rage Int+3
                  | Dex-2} (You found it on level 8 of the Dungeon)
 14257 | D:10     | Entered Level 10 of the Dungeon
 14257 | D:10     | Found an ancient bone altar of Kikubaaqudgha.
 14257 | D:10     | Noticed Snorg
 14310 | D:10     | Reached **** piety under Vehumet
 14398 | D:10     | Offered knowledge of Lightning Bolt by Vehumet.
 14553 | D:10     | Killed a two-headed ogre
 14639 | D:10     | Killed Snorg
 14863 | D:10     | Found a staircase to the Lair.
 14884 | D:10     | Reached skill level 14 in Spellcasting
 14900 | D:10     | Reached XP level 11. HP: 61/61 MP: 23/31
 15416 | D:10     | Noticed Josephine
 15786 | D:10     | Killed Josephine
 16047 | D:11     | Found a runed translucent door.
 16053 | D:11     | Reached skill level 5 in Armour
 16072 | D:11     | Found a transporter.
 16076 | D:11     | Found a transporter.
 16082 | D:11     | Noticed an orc sorcerer
 16099 | D:11     | Identified the cursed +1 robe of Puhulet {Harm *Corrode
                  | rPois Will+++}
 16127 | D:11     | Found a runed translucent door.
 16158 | D:11     | Reached ***** piety under Vehumet
 16294 | D:11     | Reached skill level 15 in Spellcasting
 16316 | D:11     | Noticed a necromancer
 16318 | D:11     | Noticed dolemite99's ghost (novice OpVM)
 16318 | D:11     | Noticed a lich
 16318 | D:11     | Noticed a frost giant
 16321 | D:11     | Noticed an ettin
 16353 | D:11     | Offered knowledge of Ozocubu's Refrigeration by Vehumet.
 16425 | D:11     | Noticed a skeletal warrior
 16485 | D:11     | Noticed a six-headed hydra
 16522 | D:11     | Killed a six-headed hydra
 16803 | D:11     | Found a roughly hewn altar of Beogh.
 17252 | D:11     | Noticed a soul eater
 17349 | D:11     | Paralysed by an orc sorcerer for 3 turns
 17356 | D:11     | Killed an orc sorcerer
 17427 | D:12     | Noticed Jorgrun
 17527 | D:12     | Found a hazy altar of Hepliaklqana.
 17545 | D:12     | Noticed Nergalle
 17585 | D:12     | Killed Nergalle
 17816 | D:12     | Found a frozen archway.
 17830 | IceCv    | Entered an ice cave
 18057 | IceCv    | Reached XP level 12. HP: 51/68 MP: 29/33
 18235 | IceCv    | Reached skill level 5 in Fighting
 18416 | IceCv    | Reached skill level 16 in Spellcasting
 18577 | IceCv    | Reached skill level 10 in Conjurations
 19371 | IceCv    | Offered knowledge of Iskenderun's Battlesphere by Vehumet.
 19477 | IceCv    | Noticed a frost giant
 19970 | IceCv    | Reached skill level 10 in Fire Magic
 20309 | IceCv    | HP: 3/69 [frost giant/bolt of cold (14)]
 20311 | IceCv    | Mangled by a frost giant

Illustrated notes

Levels and vault maps discovered:
D:1:      roderic_octagonal_star, layout_basic
D:2:      layout_loops_ring, roderic_lattice_a
D:3:      layout_basic, chequers_temple_overflow_statue_of_worship,
          wad_floor_pattern_untrapped
D:4:      layout_rooms, led_xom_imps, nicolae_overflow_crystal_walls,
          lemuel_blue_sif_altar, chequers_serial_rivers_micro_a
D:5:      layout_basic, old_standard_altar, temple_hall_moat,
          nicolae_ru_the_path_less_chosen, uniq_eustachio
D:6:      lemuel_castle_with_subvaults [lemuel_castle_interior_original],
          layout_basic, basic_altar, kennysheep_boxes, uniq_maggie
D:7:      layout_loops_ring
D:8:      layout_layer_cave, grunt_qazlal_sundering, basic_altar,
          dk_noncrumbling_4, minmay_misc_feat_more_columns
D:9:      layout_cave_pools, marbit_many_paths, orc_0_dummy, uniq_psyche
D:10:     layout_basic, lair_entry_dummy, serial_ice, serial_ice_c,
          serial_ice_a, serial_ice_e, serial_ice_n, serial_ice_l, serial_ice_b,
          serial_ice_d, serial_ice_o, basic_altar, uniq_josephine, uniq_snorg
D:11:     gammafunk_beogh_shrine, layout_cross, muffindrake_ghost_dual_entry,
          minmay_diced_spiral
D:12:     layout_cave_pools, serial_shops, shop_statue,
          nicolae_trove_entry_path_of_doom, serial_park, serial_park_tiny_2,
          serial_park_gazebo [serial_park_minivault_5x5_4], serial_park_square3
          [serial_park_minivault_5x5_1], serial_park_square2,
          serial_park_tiny_2, portal_ice_cave_rime, uniq_nergalle, uniq_jorgrun
Temple:   nicolae_temple_figure_eight
IceCv:    ice_cave_caverns_01

Skill      XL: |  1  2  3  4  5  6  7  8  9 10 11 12 |
---------------+-------------------------------------+-----
Spellcasting   | 5 6 8 9 10 12 14 15 16 | 16.9
Fighting       | 1 2 3 4 5 |  5.9
Armour         | 1 2 3 4 5 |  5.0
Conjurations   | 2 3 4 5 7 8 9 10 | 10.5
Fire Magic     | 1 2 3 4 6 7 9 10 | 10.0
Dodging        | 3 |  3.0
Air Magic      | 1 |  1.0
Stealth        | 3 |  3.0
Poison Magic   | 1 |  1.0
Evocations     | 1 |  1.2
Summonings     | |  1.1
Translocations | |  1.1

Action                   |  1- 3 |  4- 6 |  7- 9 | 10-12 || total
-------------------------+-------+-------+-------+-------++-------
Melee: Dagger            |    15 |       |       |       ||    15
       War axe           |       |    19 |       |       ||    19
       Unarmed           |       |     1 |       |       ||     1
       Rapier            |       |       |    22 |       ||    22
       Staff             |       |       |    50 |    16 ||    66
       Spear             |       |       |       |   437 ||   437
 Fire: Arbalest          |       |       |     4 |    32 ||    36
 Cast: Magic Dart        |    95 |   177 |   513 |   311 ||  1096
       Mephitic Cloud    |       |     6 |    33 |    82 ||   121
       Conjure Flame     |       |     7 |    32 |   106 ||   145
       Call Imp          |       |     3 |    18 |    45 ||    66
       Blink             |       |       |    10 |    19 ||    29
Evoke: Wand              |       |       |    29 |    28 ||    57
  Use: Potion            |       |     3 |       |     1 ||     4
       Scroll            |       |       |       |    25 ||    25
 Stab: Confused          |       |     1 |    11 |    35 ||    47
Armor: Robe              |     9 |       |       |       ||     9
       Leather armour    |     1 |    13 |    10 |    13 ||    37
       Skin              |       |     1 |       |       ||     1
       Troll leather arm |       |       |       |   212 ||   212
Dodge: Dodged            |    22 |    54 |    77 |   379 ||   532
Block: Other             |       |       |       |    29 ||    29
